 Dungeon Crawl Stone Soup version 0.30-a0-840-ga523dec638 (webtiles) character file.

Game seed: 3571339311197974500

35 DiggyJ the Chopper (level 3, -12/33 HPs)
             Began as a Hill Orc Monk on Mar 1, 2023.
             Mangled by a gnoll
             ... wielding a +0 flail
              (14 damage)
             ... on level 2 of the Dungeon.
             The game lasted 00:03:41 (933 turns).

DiggyJ the Chopper (Hill Orc Monk)                   Turns: 933, Time: 00:03:41

Health: -12/33     AC:  2    Str: 15    XL:     3   Next: 35%
Magic:  3/3        EV: 12    Int: 10    God:
Gold:   39         SH:  0    Dex: 13    Spells: 2/2 levels left

rFire   . . .      SeeInvis .    a - +0 hand axe
rCold   . . .      Faith    .    (no shield)
rNeg    . . .      Spirit   .    b - +0 robe
rPois   .          Reflect  .    (no helmet)
rElec   .          Harm     .    (no cloak)
rCorr   .          Rampage  .    (no gloves)
Will    .....                    (no boots)
Stlth   ++                       (no amulet)
HPRegen 0.25/turn                h - ring of wizardry
MPRegen 0.08/turn                (no ring)

@: no status effects
A: no striking features
a: no special abilities


You were on level 2 of the Dungeon.
You visited 1 branch of the dungeon, and saw 2 of its levels.

You collected 39 gold pieces.

Inventory:

Hand Weapons
 a - a +0 hand axe (weapon)
Missiles
 e - 16 stones (quivered)
 f - 5 poisoned darts
Armour
 b - a +0 robe (worn)
Jewellery
 h - a ring of wizardry (left hand)
Potions
 c - a potion of ambrosia
 d - a potion of heal wounds
 g - a potion of cancellation
 i - a potion of mutation {unknown}


   Skills:
 + Level 3.9 Fighting
 * Level 4.6(4.7) Axes
 * Level 0.4(2.6) Maces & Flails
 * Level 0.3(2.5) Polearms
 * Level 0.9(1.0) Staves
 + Level 2.6 Dodging
 + Level 1.5 Stealth


You had 2 spell levels left.
You didn't know any spells.
Your spell library was empty.

Dungeon Overview and Level Annotations

Branches:
Dungeon (2/15)

Altars:


Message History

The quokka is heavily wounded.
The quokka bites you but does no damage.
The quokka bites you.
You hit the quokka.
The quokka is severely wounded.
You hit the rat.
You kill the rat!
The quokka barely misses you.
You hit the quokka.
You kill the quokka!
You see here a quokka corpse.
j - a scroll of identify
As you read the scroll of identify, it crumbles to dust.
g - a potion of cancellation
As you read the scroll labelled ONLOTI XOLOLOM, it crumbles to dust.
It is a scroll of amnesia.
You feel forgetful for a moment.
A quokka comes into view.
The quokka moves out of view.
Found a stone staircase leading down.
i - a fizzy black potion A gnoll comes into view.
It is wielding a +0 flail.
A gnoll comes into view. It is wielding a +0 spear.
Found 10 gold pieces.
The gnoll hits you with a +0 flail!
You hit the gnoll but do no damage. The gnoll hits you with a +0 flail.
You hit the gnoll but do no damage. The gnoll hits you with a +0 flail.
You hit the gnoll.
The gnoll is lightly wounded.
You closely miss the quokka. The quokka bites you.
The gnoll hits you with a +0 flail!
* * * LOW HITPOINT WARNING * * *
You hit the gnoll.
The gnoll is moderately wounded.
You barely miss the quokka. The quokka bites you.
* * * LOW HITPOINT WARNING * * *
The gnoll closely misses you. The quokka misses you.
You closely miss the gnoll.
The gnoll is moderately wounded.
You closely miss the quokka. The gnoll hits you with a +0 flail!
You die...

............#.#
....>.....#.#.#####
#.######.#.#.......##
####.##.................
.....#..###.#.##..##...
......#.###.#.##.†##..#
.........##.#.##†.##..#
.......r..#.......##..##
.^g...g@................
.....#.#..######.###...#
... #.#.## #.# #.#.# #
$...# #.# #.#.# ##.#.#
#.# #.#.# #.#.# ...
..... ..... #.. ..#..
##.#.# #.####...


You could see 2 gnolls and a quokka.

Vanquished Creatures
  2 dart slugs (D:1)
  2 ball pythons
  2 endoplasms (D:1)
  2 giant cockroaches
  A goblin (D:1)
  2 hobgoblins (D:1)
  4 kobolds
  4 quokkas
  A bat (D:1)
  2 frilled lizards (D:1)
  7 rats
29 creatures vanquished.

Notes
Turn   | Place    | Note
-------+----------+-------------------------------------------
     0 | D:1      | DiggyJ the Hill Orc Monk began the quest for the Orb.
     0 | D:1      | Reached XP level 1. HP: 19/19 MP: 1/1
    71 | D:1      | Reached XP level 2. HP: 4/27 MP: 2/2
   477 | D:1      | Reached XP level 3. HP: 20/33 MP: 3/3
   932 | D:2      | HP: 1/33 [quokka (1)]
   933 | D:2      | Mangled by a gnoll

Illustrated notes

Levels and vault maps discovered:
D:1:      nzn_arrival_depleted_hourglass, layout_basic
D:2:      layout_loops_ring, basic_altar

Action                     || total
---------------------------++-------
  Melee: Hand axe          ||    95
    Use: Scroll            ||     5
   Stab: Sleeping          ||     3
 Armour: Robe              ||    16
  Dodge: Dodged            ||    78

Table legend: (Time is in decaauts)
 A = Elapsed time spent in this place.
 B = Non-inter-level travel time spent in this place.
 C = Inter-level travel time spent in this place.
 D = Time resting spent in this place.
 E = Time spent auto-exploring this place.
 F = Levels seen in this place.
 G = Mean time per level.
                   A        B        C        D        E       F      G
               +--------+--------+--------+--------+--------+-----+--------+
         Total |    939 |    939 |      0 |      0 |      0 |   2 |  469.5 |
       Dungeon |    939 |    939 |      0 |      0 |      0 |   2 |  469.5 |
               +--------+--------+--------+--------+--------+-----+--------+

Top non-repeatable levels by time:
     D:1: 865 daAuts
     D:2: 74 daAuts
